 Dungeon Crawl Stone Soup version 0.17-a0-1798-g879a7aa (webtiles) character file.

60 ololoev the Poker (level 3, -6/29 HPs)
             Began as a Draconian Skald on Sept 10, 2015.
             Mangled by Sigmund
             ... wielding a +5 scythe of venom
              (16 damage)
             ... on level 2 of the Dungeon.
             The game lasted 00:04:36 (1807 turns).

ololoev the Poker (Draconian Skald)                 Turns: 1807, Time: 00:04:37

Health: -6/29      AC:  6    Str: 19    XL:     3   Next: 80%
Magic:  7/7        EV: 11    Int: 13    God:
Gold:   69         SH:  0    Dex: 10    Spells: 2 memorised, 5 levels left

rFire  . . .     SeeInvis .     a - +0 spear
rCold  . . .     Clarity  .     (armour unavailable)
rNeg   . . .     SustAt   .     (no shield)
rPois  .         Gourm    .     (helmet restricted)
rElec  .         Spirit   .     g - +0 cloak
rCorr  .         Warding  .     (no gloves)
rMut   .         Stasis   .     (no boots)
MR     .....                    (no amulet)
Stlth  +.........               (no ring)
                                (no ring)

@: confused, mighty, lethally poisoned (-6 -> -21), infused, flying, very
slightly contaminated, not resistant to hostile enchantments, very unstealthy
A: unfitting armour, cold-blooded, AC +5
a: no special abilities


Innate Abilities, Weirdness & Mutations

Your plain brown scales are hard (AC +5).
Your body does not fit into most forms of armour.
You are cold-blooded and may be slowed by cold attacks.

Inventory:

Hand weapons
 a - a +0 spear (weapon)
Armour
 g - a +0 cloak (worn)
Scrolls
 f - a scroll of magic mapping {unknown}
 l - a scroll of noise {unknown}
 m - 2 scrolls of recharging {unknown}
 n - a scroll of random uselessness {unknown}
Potions
 d - a potion of curing
 e - 3 potions of might
 j - a potion of heal wounds {unknown}
 k - a potion of flight
Books
 b - a book of Battle

   Spells                             Type                      Level
   a - Infusion                       Charms                       1
   b - Shroud of Golubria             Charms/Translocation         2
   c - Song of Slaying                Charms                       2
   d - Spectral Weapon                Hexes/Charms                 3
   e - Regeneration                   Charms/Necromancy            3
Comestibles
 c - a bread ration
 h - 4 fruits
 o - 2 chunks of flesh


   Skills:
 - Level 2.1 Fighting
 + Level 3.2 Polearms
 - Level 1.3 Dodging
 + Level 3.1 Spellcasting
 - Level 2.6 Charms


You had 5 spell levels left.
You knew the following spells:

 Your Spells              Type           Power        Failure   Level  Hunger
a - Infusion              Chrm           #.....       10%         1    #......
b - Song of Slaying       Chrm           #.......     14%         2    ##.....


You were on level 2 of the Dungeon.
You were not hungry.

You visited 1 branch of the dungeon, and saw 2 of its levels.

You collected 69 gold pieces.

##..####.########
..................#
.........#.######.#
##..###.........#.#
#..###.#######.#.#
#..##..# #.#.# #..#.#.#
#.#.# #...##.# #....
##@##.#.# #.... #.###
#.K###..# #.#.#
.....@##{## #..#######.#.#
.....K.((# #............#
(.#####..####.#######.####
#..##.....#####.##
#...#.....#......#
##..........###..#
..##.....### #..#

Notes
Turn   | Place    | Note
--------------------------------------------------------------
     0 | D:1      | ololoev the Draconian Skald began the quest for the Orb.
     0 | D:1      | Reached XP level 1. HP: 17/17 MP: 3/3
   390 | D:1      | Reached XP level 2. HP: 14/24 MP: 0/5
   753 | D:1      | Reached XP level 3. HP: 4/29 MP: 1/7
   757 | D:1      | Learned a level 2 spell: Song of Slaying
  1226 | D:1      | Reached skill level 3 in Polearms
  1516 | D:2      | Noticed Terence
  1791 | D:2      | Noticed Sigmund
  1807 | D:2      | Mangled by Sigmund

Dungeon Overview and Level Annotations

Branches:
Dungeon (2/15)

Altars:

Annotations:
D:2 Sigmund, Terence


Message History

You feel sick.
Casting: Song of Slaying
Confirm with . or Enter, or press ? or * to list all spells.
You miscast Song of Slaying.
You feel a strange surge of energy! Sigmund completely misses you.
Casting: Song of Slaying
Confirm with . or Enter, or press ? or * to list all spells.
Okay, then.
You closely miss the kobold. The kobold hits you but does no damage.
Sigmund hits you from afar with a scythe of venom!
You are lethally poisoned!
Press: ? - help, v - describe, . - travel, g - get item
Here: Sigmund, wielding a scythe of venom and wearing a robe (heavily wounded)
A stone.
The floor.
Unknown command.
Unknown command.
You feel sick.
Drink which item? (? for menu, Esc to quit)
It was a potion of might.
You feel very mighty all of a sudden.
You feel sick. The kobold hits you but does no damage.
Drink which item? (? for menu, Esc to quit)
It was a potion of flight.
You feel very buoyant.
You fly up into the air.
You feel sick.
Sigmund mumbles some strange words.
Sigmund flickers and vanishes!
Deactivating autopickup; reactivate with Ctrl-A.
The kobold hits you with a club.
Drink which item? (? for menu, Esc to quit)
It was a potion of curing.
You feel better. Something hits you.
You are lethally poisoned!
The kobold barely misses you.
Drink which item? (? for menu, Esc to quit)
It was a potion of ambrosia.
You are confused.
You feel invigorated.
You feel sick. Something hits you!
Ouch! That really hurt!
You die...

You could see a kobold.

Vanquished Creatures
  A gnoll (D:1)
  2 worms
  A giant gecko (D:1)
  12 bats
  6 goblins
  5 hobgoblins
  2 jackals (D:2)
  3 giant cockroaches
  A giant newt (D:1)
  3 kobolds
  5 rats
41 creatures vanquished.

Action                   || total
-------------------------++-------
Melee: Spear             ||   187
 Cast: Infusion          ||     6
       Song of Slaying   ||     1
  Use: Potion            ||     4
 Stab: Sleeping          ||     2
  Eat: Chunk             ||     3

Vault maps used:
D:1:      scummos_arrival_forest, kennysheep_decorative_pillar
D:2:      uniq_natasha, uniq_sigmund, uniq_terence
